Tappara Tampere vs Laval Rocket
Created - Tuesday, September 9, 2025 at 08:23
Goals
|
| Tappara Tampere |
4 |
0 |
1 |
5 |
| Laval Rocket |
1 |
0 |
1 |
2 |
|
Shots
|
| Tappara Tampere |
12 |
10 |
12 |
34 |
| Laval Rocket |
12 |
10 |
9 |
31 |
|
1st period
1. Laval Rocket , Ethen Frank 22 (Jackson Blake 30, Fyodor Svechkov 29) at 9:55
2. Tappara Tampere , Pierre Engvall 11 (Andrew Poturalski 18, Logan Stankoven 20) at 10:31
3. Tappara Tampere , Logan Stankoven 17 (Michael Rasmussen 27) at 14:13
4. Tappara Tampere , Sam Carrick 8 (Jan Rutta 13, Andrew Poturalski 19) at 14:54
5. Tappara Tampere , Andrew Poturalski 27 (Pierre Engvall 22, Sam Carrick 20) at 19:13
Penalties :
No Penalty
2nd period
No Goal
Penalties :
Stephen Halliday (LAV) for Fighting (Major) at 0:55, Andreas Englund (TAP) for Fighting (Major) at 0:55, Vasili Ponomarev (LAV) for Slashing (Minor) at 9:51, Sam Carrick (TAP) for Slashing (Minor) at 16:10
3rd period
6. Tappara Tampere , Mitchell Chaffee 13 (Andrew Poturalski 20) at 3:22 (PP)
7. Laval Rocket , Ethen Frank 23 (Jackson Blake 31, Colin Miller 13) at 7:04 (PP)
Penalties :
Martin Chromiak (LAV) for Roughing (Minor) at 3:19, David Spacek (LAV) for Fighting (Major) at 4:47, Jan Rutta (TAP) for Fighting (Major) at 4:47, John Klingberg (TAP) for Tripping (Minor) at 6:05, Lian Bichsel (LAV) for Holding (Minor) at 8:04, Andreas Englund (TAP) for Slashing (Minor) at 13:00, Vasili Ponomarev (LAV) for Cross-checking (Minor) at 16:09
Goalie Stats
Ken Appleby (TAP), 29 saves from 31 shots - (0.935), W, 8-4-1, 60:00 minutes
Jet Greaves (LAV), 29 saves from 34 shots - (0.853), L, 4-4-0, 60:00 minutes
Players Stats for Tappara Tampere
Player Name G A P +/- PIM S H SB GA TA FO MP PP MP PK MP
------------------------------------------------------------------------------------
0 0 0 0 0 0 0 0 0 0 0/0 0:00 0:00 0:00
Andreas Englund 0 0 0 2 7 0 1 0 0 1 0/0 18:54 3:11 1:08
Andrew Poturalski 1 3 4 2 0 4 0 1 1 0 4/6 17:33 2:59 0:10
Jan Rutta 0 1 1 1 5 1 1 1 0 0 0/0 19:26 1:22 1:49
Jayson Megna 0 0 0 0 0 2 3 0 0 0 4/6 10:03 0:00 1:10
John Klingberg 0 0 0 2 2 0 0 0 1 0 0/0 21:00 3:11 2:09
Jonathan Lekkerimaki 0 0 0 0 0 3 0 1 0 0 0/0 8:38 0:00 0:00
Justin Holl 0 0 0 1 0 0 1 0 1 2 0/0 21:54 2:32 2:31
Klim Kostin 0 0 0 0 0 0 2 0 1 0 0/0 11:37 0:00 0:00
Logan Stankoven 1 1 2 1 0 2 0 0 1 0 1/1 17:17 3:01 0:00
Max Sasson 0 0 0 0 0 0 0 0 0 0 0/0 8:38 0:00 0:00
Michael Rasmussen 0 1 1 1 0 3 4 0 0 0 12/29 19:22 3:01 2:05
Mitchell Chaffee 1 0 1 0 0 5 1 0 1 1 0/0 14:32 2:59 0:00
Nathan Walker 0 0 0 1 0 2 1 1 1 0 0/1 19:34 3:01 2:17
Pierre Engvall 1 1 2 2 0 5 1 1 0 0 0/0 17:10 2:59 0:05
Sam Carrick 1 1 2 2 2 4 3 1 0 0 6/11 15:52 0:00 1:32
Sebastian J. Aho 0 0 0 0 0 1 4 0 0 2 0/0 18:23 0:17 1:18
Tomas Nosek 0 0 0 0 0 1 3 0 0 0 2/5 14:38 0:00 2:35
Ville Ottavainen 0 0 0 0 0 1 1 0 0 0 0/0 20:27 1:27 0:59
Players Stats for Laval Rocket
Player Name G A P +/- PIM S H SB GA TA FO MP PP MP PK MP
------------------------------------------------------------------------------------
0 0 0 0 0 0 0 0 0 0 0/0 0:00 0:00 0:00
Colin Miller 0 1 1 -2 0 2 1 1 0 0 0/0 25:43 3:26 3:19
David Spacek 0 0 0 -1 5 0 1 1 0 0 0/0 18:49 1:31 1:50
Dmitri Ovchinnikov 0 0 0 0 0 0 0 0 0 0 1/1 1:09 0:02 0:00
Ethen Frank 2 0 2 1 0 4 3 1 1 1 0/1 15:38 2:42 0:00
Felix Unger Sorum 0 0 0 -1 0 1 1 0 0 0 1/1 5:57 0:00 0:00
Fyodor Svechkov 0 1 1 1 0 2 0 0 0 1 2/4 18:32 2:42 2:52
Gleb Veremyev 0 0 0 0 0 0 1 0 0 0 1/1 5:05 0:02 0:12
Ian Mitchell 0 0 0 -1 0 0 1 2 0 0 0/0 20:25 1:31 2:49
Jackson Blake 0 2 2 0 0 3 2 2 0 1 11/21 22:58 2:42 2:53
Justin Hryckowian 0 0 0 0 0 3 2 0 0 1 6/14 19:44 2:15 2:53
Lian Bichsel 0 0 0 -2 2 2 1 0 1 0 0/0 25:05 3:26 2:18
Martin Chromiak 0 0 0 -3 2 2 2 1 0 0 0/0 14:19 0:00 0:00
Mikko Kokkonen 0 0 0 0 0 0 0 2 0 1 0/0 15:41 0:00 0:42
Oliver Kapanen 0 0 0 -3 0 5 0 0 0 0 0/1 15:26 0:00 0:15
Olle Lycksell 0 0 0 0 0 1 2 0 2 1 0/0 16:51 2:13 0:00
Roman Schmidt 0 0 0 0 0 0 2 0 0 0 0/0 14:22 0:00 1:04
Stephen Halliday 0 0 0 -3 5 1 1 0 2 0 3/8 15:40 0:00 2:55
Vasili Ponomarev 0 0 0 -1 4 5 2 0 0 1 5/7 22:32 2:13 0:00
3 Stars
1 - Andrew Poturalski (TAP)
2 - Pierre Engvall (TAP)
3 - Ethen Frank (LAV)
Power Play
Tappara Tampere - 1 on 4 Attempt(s) - 25.00%
Laval Rocket - 1 on 3 Attempt(s) - 33.33%
Penalty Kill
Tappara Tampere - 2 on 3 Attempt(s) - 66.67%
- Score 0 goal in Penalty Kill
Laval Rocket - 3 on 4 Attempt(s) - 75.00%
- Score 0 goal in Penalty Kill
Team Stat
Tappara Tampere - Hits : 26 - Faceoff Wins : 29 - Blocked Shots : 6 - Penalty Minutes : 16
Laval Rocket - Hits : 22 - Faceoff Wins : 30 - Blocked Shots : 10 - Penalty Minutes : 18
Official
Referees : Trevor Hanson and Graham Skilliter
Linesman : Unknown
Game Notes
Stephen Halliday and Andreas Englund fight to a draw at 0:55 of 2nd period
David Spacek and Jan Rutta fight to a draw at 4:47 of 3rd period
Tappara Tampere
5 vs 5 Forward
Center Left Wing Right Wing Time % Phy DF OF
1 Michael Rasmussen Nathan Walker Logan Stankoven 30 0 2 2
2 Sam Carrick Pierre Engvall Andrew Poturalski 30 0 2 3
3 Tomas Nosek Klim Kostin Mitchell Chaffee 25 1 2 2
4 Jayson Megna Max Sasson Jonathan Lekkerimaki 15 1 2 2
5 vs 5 Defense
Defense Defense Time % Phy DF OF
1 Jan Rutta Justin Holl 34 1 2 2
2 Andreas Englund John Klingberg 33 1 2 2
3 Ville Ottavainen Sebastian J. Aho 33 1 2 2
4 Jan Rutta Justin Holl 0 1 2 2
PowerPlay Forward
Center Left Wing Right Wing Time % Phy DF OF
1 Michael Rasmussen Nathan Walker Logan Stankoven 50 0 0 5
2 Andrew Poturalski Pierre Engvall Mitchell Chaffee 50 0 0 5
PowerPlay Defense
Defense Defense Time % Phy DF OF
1 Jan Rutta Justin Holl 50 0 1 4
2 Andreas Englund John Klingberg 50 0 1 4
Penalty Kill 4 Players Forward
Center Wing Time % Phy DF OF
1 Michael Rasmussen Nathan Walker 50 0 5 0
2 Sam Carrick Tomas Nosek 50 0 5 0
Penalty Kill 4 Players Defense
Defense Defense Time % Phy DF OF
1 Jan Rutta Justin Holl 50 0 5 0
2 Andreas Englund John Klingberg 50 0 5 0
Penalty Kill - 3 Players Forward
Forward Time % Phy DF OF
1 Michael Rasmussen 50 0 5 0
2 Sam Carrick 50 0 5 0
Penalty Kill - 3 Players Defense
Defense Defense Time % Phy DF OF
1 Jan Rutta Justin Holl 50 0 5 0
2 Andreas Englund John Klingberg 50 0 5 0
4 vs 4 Forward
Center Wing Time % Phy DF OF
1 Michael Rasmussen Logan Stankoven 50 1 2 2
2 Sam Carrick Nathan Walker 50 1 2 2
4 vs 4 Defense
Defense Defense Time % Phy DF OF
1 Jan Rutta Justin Holl 50 1 2 2
2 Andreas Englund John Klingberg 50 1 2 2
Last Minutes Offensive
Center Left Wing Right Wing Defense Defense
Andrew Poturalski Logan Stankoven Mitchell Chaffee Jan Rutta John Klingberg
Last Minutes Defensive
Center Left Wing Right Wing Defense Defense
Sam Carrick Nathan Walker Michael Rasmussen Jan Rutta Justin Holl
Goaltenders
Starting : Ken Appleby
Backup : Joel Hofer
Extra Forwards
Normal : Mitchell Chaffee, Tomas Nosek, Jayson Megna - PP : Mitchell Chaffee, Tomas Nosek - PK : Jayson Megna
Extra Defensemen
Normal : Ville Ottavainen, Sebastian J. Aho, Andreas Englund - PP : Ville Ottavainen - PK : Sebastian J. Aho, Andreas Englund
Penalty Shots
Jayson Megna, Jonathan Lekkerimaki, Andrew Poturalski, Nathan Walker, Ville Ottavainen
Scratches
Dominik Kubalik (Healthy), Roni Hirvonen (Healthy), Simon Robertsson (Healthy), Niko Huuhtanen (Healthy), Ty Gallagher (Healthy)
Jesse Pulkkinen (Healthy), Jesper Vikman (Healthy), Nikita Tolopilo (Healthy), Brandon Bussi (Healthy)
Laval Rocket
5 vs 5 Forward
Center Left Wing Right Wing Time % Phy DF OF
1 Jackson Blake Fyodor Svechkov Ethen Frank 30 1 2 2
2 Justin Hryckowian Vasili Ponomarev Olle Lycksell 30 1 2 2
3 Stephen Halliday Oliver Kapanen Martin Chromiak 25 1 2 2
4 Vasili Ponomarev Jackson Blake Felix Unger Sorum 15 1 2 2
5 vs 5 Defense
Defense Defense Time % Phy DF OF
1 Lian Bichsel Colin Miller 30 1 2 2
2 Ian Mitchell David Spacek 30 1 2 2
3 Mikko Kokkonen Roman Schmidt 25 1 2 2
4 Lian Bichsel Colin Miller 15 1 2 2
PowerPlay Forward
Center Left Wing Right Wing Time % Phy DF OF
1 Jackson Blake Fyodor Svechkov Ethen Frank 50 1 2 2
2 Justin Hryckowian Vasili Ponomarev Olle Lycksell 50 1 2 2
PowerPlay Defense
Defense Defense Time % Phy DF OF
1 Lian Bichsel Colin Miller 50 1 2 2
2 Ian Mitchell David Spacek 50 1 2 2
Penalty Kill 4 Players Forward
Center Wing Time % Phy DF OF
1 Jackson Blake Justin Hryckowian 50 1 2 2
2 Fyodor Svechkov Stephen Halliday 50 1 2 2
Penalty Kill 4 Players Defense
Defense Defense Time % Phy DF OF
1 Lian Bichsel Colin Miller 50 1 2 2
2 Ian Mitchell David Spacek 50 1 2 2
Penalty Kill - 3 Players Forward
Forward Time % Phy DF OF
1 Jackson Blake 50 1 2 2
2 Justin Hryckowian 50 1 2 2
Penalty Kill - 3 Players Defense
Defense Defense Time % Phy DF OF
1 Lian Bichsel Colin Miller 50 1 2 2
2 Ian Mitchell David Spacek 50 1 2 2
4 vs 4 Forward
Center Wing Time % Phy DF OF
1 Jackson Blake Justin Hryckowian 50 1 2 2
2 Fyodor Svechkov Stephen Halliday 50 1 2 2
4 vs 4 Defense
Defense Defense Time % Phy DF OF
1 Lian Bichsel Colin Miller 50 1 2 2
2 Ian Mitchell David Spacek 50 1 2 2
Last Minutes Offensive
Center Left Wing Right Wing Defense Defense
Jackson Blake Fyodor Svechkov Ethen Frank Lian Bichsel Colin Miller
Last Minutes Defensive
Center Left Wing Right Wing Defense Defense
Jackson Blake Fyodor Svechkov Ethen Frank Lian Bichsel Colin Miller
Goaltenders
Starting : Jet Greaves
Backup : Alexei Kolosov
Extra Forwards
Normal : Gleb Veremyev, Dmitri Ovchinnikov, Oliver Kapanen - PP : Gleb Veremyev, Dmitri Ovchinnikov - PK : Oliver Kapanen
Extra Defensemen
Normal : Mikko Kokkonen, Roman Schmidt, Ian Mitchell - PP : Mikko Kokkonen - PK : Roman Schmidt, Ian Mitchell
Penalty Shots
Jackson Blake, Justin Hryckowian, Fyodor Svechkov, Stephen Halliday, Ethen Frank
Scratches
Tobias Bjornfot (Healthy), Matt Stienburg (Healthy), Mikulas Hovorka (Healthy), Trey Taylor (Healthy), Zach Sawchenko (Healthy)
Calle Clang (Healthy), Callum Tung (Healthy), Pavel Cajan (Healthy)
% Time on Ice - Tappara Tampere
Lines # - Real PCT - Wanted PCT - Time Play
Normal Forward
1 - 29% - 30% - 14:24
2 - 29% - 30% - 14:24
3 - 24% - 25% - 11:37
4 - 18% - 15% - 8:38
Normal Defense
1 - 34% - 34% - 16:50
2 - 32% - 33% - 15:46
3 - 33% - 33% - 16:06
4 - 1% - 0% - 0:21
PP Forward
1 - 50% - 50% - 3:01
2 - 50% - 50% - 2:59
PP Defense
1 - 42% - 50% - 2:32
2 - 58% - 50% - 3:28
PK Forward
1 - 44% - 50% - 2:10
2 - 56% - 50% - 2:47
PK Defense
1 - 51% - 50% - 2:31
2 - 49% - 50% - 2:26
PK3 Forward
1 - 0% - 50%
2 - 0% - 50%
PK3 Defense
1 - 0% - 50%
2 - 0% - 50%
44 Forward
1 - 0% - 50%
2 - 0% - 50%
44 Defense
1 - 0% - 50%
2 - 0% - 50%
Last Minute Offensive - 0:00
Last Minute Defensive - 0:00
Total
Forward - 60:00
Defense - 60:00
|
% Time on Ice - Laval Rocket
Lines # - Real PCT - Wanted PCT - Time Play
Normal Forward
1 - 28% - 30% - 13:56
2 - 30% - 30% - 14:45
3 - 29% - 25% - 14:25
4 - 12% - 15% - 5:57
Normal Defense
1 - 29% - 30% - 14:15
2 - 34% - 30% - 16:29
3 - 27% - 25% - 13:17
4 - 10% - 15% - 5:02
PP Forward
1 - 55% - 50% - 2:42
2 - 45% - 50% - 2:15
PP Defense
1 - 69% - 50% - 3:26
2 - 31% - 50% - 1:31
PK Forward
1 - 49% - 50% - 2:58
2 - 51% - 50% - 3:02
PK Defense
1 - 63% - 50% - 3:46
2 - 37% - 50% - 2:14
PK3 Forward
1 - 0% - 50%
2 - 0% - 50%
PK3 Defense
1 - 0% - 50%
2 - 0% - 50%
44 Forward
1 - 0% - 50%
2 - 0% - 50%
44 Defense
1 - 0% - 50%
2 - 0% - 50%
Last Minute Offensive - 0:00
Last Minute Defensive - 0:00
Total
Forward - 60:00
Defense - 60:00
|
Play-by-Play
1st period
0:01 of 1st period - Michael Rasmussen wins face-off versus Jackson Blake in neutral zone.
0:03 of 1st period - Off-side.
0:04 of 1st period - Jackson Blake wins face-off versus Michael Rasmussen in neutral zone.
0:36 of 1st period - Wrist shot by Justin Hryckowian.
0:36 of 1st period - Stopped by Ken Appleby without a rebound.
0:37 of 1st period - Justin Hryckowian wins face-off versus Tomas Nosek in Tappara Tampere zone.
0:46 of 1st period - Justin Hryckowian is hit by Klim Kostin.
0:56 of 1st period - David Spacek is hit by Tomas Nosek and loses puck.
2:06 of 1st period - Slapshot by Mitchell Chaffee.
2:06 of 1st period - Shot Misses the Net.
2:39 of 1st period - Off-side.
2:40 of 1st period - Andrew Poturalski wins face-off versus Stephen Halliday in neutral zone.
2:43 of 1st period - Mikko Kokkonen is hit by Sam Carrick.
3:14 of 1st period - Snap shot by Fyodor Svechkov.
3:14 of 1st period - Stopped by Ken Appleby with a rebound.
3:16 of 1st period - Slapshot by Roman Schmidt.
3:16 of 1st period - Shot Blocked by Jan Rutta.
3:18 of 1st period - Snap shot by Fyodor Svechkov.
3:18 of 1st period - Stopped by Ken Appleby with a rebound.
4:35 of 1st period - Michael Rasmussen is hit by Martin Chromiak and loses puck.
5:00 of 1st period - Martin Chromiak is hit by Sam Carrick.
5:43 of 1st period - Icing by Andrew Poturalski.
5:44 of 1st period - Stephen Halliday wins face-off versus Jayson Megna in Tappara Tampere zone.
5:53 of 1st period - Jackson Blake is hit by Sebastian J. Aho and loses puck.
6:00 of 1st period - Michael Rasmussen is hit by Lian Bichsel.
6:10 of 1st period - Lian Bichsel is hit by Andreas Englund and loses puck.
6:29 of 1st period - Icing by Lian Bichsel.
6:30 of 1st period - Jackson Blake wins face-off versus Sam Carrick in Laval Rocket zone.
6:57 of 1st period - Wrist shot by Olle Lycksell.
6:57 of 1st period - Shot Misses the Net.
8:15 of 1st period - Snap shot by Jonathan Lekkerimaki.
8:15 of 1st period - Shot Blocked by Martin Chromiak.
8:17 of 1st period - Backhand shot by Jayson Megna.
8:17 of 1st period - Shot Misses the Net.
8:19 of 1st period - Slapshot by Max Sasson.
8:19 of 1st period - Shot Misses the Net.
8:21 of 1st period - Snap shot by John Klingberg.
8:21 of 1st period - Shot Blocked by David Spacek.
8:31 of 1st period - Slapshot by Olle Lycksell.
8:31 of 1st period - Shot Misses the Net.
9:21 of 1st period - Snap shot by Mitchell Chaffee.
9:21 of 1st period - Stopped by Jet Greaves without a rebound.
9:22 of 1st period - Tomas Nosek wins face-off versus Stephen Halliday in Laval Rocket zone.
9:33 of 1st period - Snap shot by Mitchell Chaffee.
9:33 of 1st period - Stopped by Jet Greaves with a rebound.
9:35 of 1st period - Wrist shot by Mitchell Chaffee.
9:35 of 1st period - Stopped by Jet Greaves without a rebound.
9:36 of 1st period - Sam Carrick wins face-off versus Jackson Blake in Laval Rocket zone.
9:39 of 1st period - Slapshot by Andrew Poturalski.
9:39 of 1st period - Stopped by Jet Greaves without a rebound.
9:40 of 1st period - Jackson Blake wins face-off versus Sam Carrick in Laval Rocket zone.
9:49 of 1st period - Slapshot by Jackson Blake.
9:49 of 1st period - Shot Blocked by Sam Carrick.
9:51 of 1st period - Snap shot by Jackson Blake.
9:51 of 1st period - Stopped by Ken Appleby with a rebound.
9:53 of 1st period - Snap shot by Ethen Frank.
9:53 of 1st period - Shot Misses the Net.
9:55 of 1st period - Snap shot by Ethen Frank.
9:55 of 1st period - Goal by Ethen Frank - Tappara Tampere : 0 - Laval Rocket : 1.
9:56 of 1st period - Vasili Ponomarev wins face-off versus Nathan Walker in neutral zone.
10:31 of 1st period - Wrist shot by Pierre Engvall.
10:31 of 1st period - Goal by Pierre Engvall - Tappara Tampere : 1 - Laval Rocket : 1.
10:32 of 1st period - Jackson Blake wins face-off versus Michael Rasmussen in neutral zone.
10:41 of 1st period - Snap shot by Fyodor Svechkov.
10:41 of 1st period - Shot Misses the Net.
10:47 of 1st period - Snap shot by Ethen Frank.
10:47 of 1st period - Stopped by Ken Appleby with a rebound.
10:57 of 1st period - Vasili Ponomarev is hit by Justin Holl and loses puck.
11:26 of 1st period - Stephen Halliday is hit by Tomas Nosek and loses puck.
11:59 of 1st period - Wrist shot by Michael Rasmussen.
11:59 of 1st period - Stopped by Jet Greaves with a rebound.
12:27 of 1st period - Wrist shot by Sam Carrick.
12:27 of 1st period - Deflect By Andrew Poturalski.
12:27 of 1st period - Stopped by Jet Greaves with a rebound.
12:49 of 1st period - Max Sasson is hit by Stephen Halliday and loses puck.
13:00 of 1st period - Wrist shot by Justin Hryckowian.
13:00 of 1st period - Stopped by Ken Appleby with a rebound.
13:02 of 1st period - Slapshot by Olle Lycksell.
13:02 of 1st period - Shot Misses the Net.
13:29 of 1st period - John Klingberg is hit by Gleb Veremyev and loses puck.
13:44 of 1st period - Snap shot by Ethen Frank.
13:44 of 1st period - Stopped by Ken Appleby with a rebound.
14:02 of 1st period - Stephen Halliday is hit by Michael Rasmussen and loses puck.
14:11 of 1st period - Wrist shot by Logan Stankoven.
14:11 of 1st period - Deflect By Michael Rasmussen.
14:11 of 1st period - Stopped by Jet Greaves with a rebound.
14:13 of 1st period - Wrist shot by Logan Stankoven.
14:13 of 1st period - Goal by Logan Stankoven - Tappara Tampere : 2 - Laval Rocket : 1.
14:14 of 1st period - Jackson Blake wins face-off versus Andrew Poturalski in neutral zone.
14:39 of 1st period - Andreas Englund is hit by Martin Chromiak and loses puck.
14:46 of 1st period - Snap shot by Andrew Poturalski.
14:46 of 1st period - Shot Misses the Net.
14:48 of 1st period - Wrist shot by Andrew Poturalski.
14:48 of 1st period - Shot Misses the Net.
14:50 of 1st period - Slapshot by Jan Rutta.
14:50 of 1st period - Stopped by Jet Greaves with a rebound.
14:52 of 1st period - Snap shot by Sam Carrick.
14:52 of 1st period - Shot Blocked by Colin Miller.
14:54 of 1st period - Wrist shot by Sam Carrick.
14:54 of 1st period - Goal by Sam Carrick - Tappara Tampere : 3 - Laval Rocket : 1.
14:55 of 1st period - Michael Rasmussen wins face-off versus Justin Hryckowian in neutral zone.
15:06 of 1st period - Wrist shot by Logan Stankoven.
15:06 of 1st period - Shot Blocked by Mikko Kokkonen.
15:20 of 1st period - Wrist shot by Oliver Kapanen.
15:20 of 1st period - Deflect By Jan Rutta.
15:20 of 1st period - Stopped by Ken Appleby with a rebound.
15:28 of 1st period - Snap shot by Oliver Kapanen.
15:28 of 1st period - Stopped by Ken Appleby without a rebound.
15:29 of 1st period - Vasili Ponomarev wins face-off versus Sam Carrick in Tappara Tampere zone.
15:32 of 1st period - Slapshot by Vasili Ponomarev.
15:32 of 1st period - Stopped by Ken Appleby with a rebound.
15:34 of 1st period - Snap shot by Vasili Ponomarev.
15:34 of 1st period - Stopped by Ken Appleby without a rebound.
15:35 of 1st period - Sam Carrick wins face-off versus Vasili Ponomarev in Tappara Tampere zone.
15:35 of 1st period - Sam Carrick is hit by Vasili Ponomarev.
16:11 of 1st period - Slapshot by Logan Stankoven.
16:11 of 1st period - Shot Misses the Net.
16:51 of 1st period - Oliver Kapanen is hit by Ville Ottavainen and loses puck.
17:15 of 1st period - Icing by Michael Rasmussen.
17:16 of 1st period - Jayson Megna wins face-off versus Jackson Blake in Tappara Tampere zone.
17:16 of 1st period - Jayson Megna is hit by Ethen Frank.
18:34 of 1st period - Backhand shot by Tomas Nosek.
18:34 of 1st period - Shot Blocked by Jackson Blake.
18:50 of 1st period - Mikko Kokkonen is hit by Jayson Megna and loses puck.
19:13 of 1st period - Snap shot by Andrew Poturalski.
19:13 of 1st period - Goal by Andrew Poturalski - Tappara Tampere : 4 - Laval Rocket : 1.
19:14 of 1st period - Justin Hryckowian wins face-off versus Michael Rasmussen in neutral zone.
19:48 of 1st period - Wrist shot by Stephen Halliday.
19:48 of 1st period - Shot Blocked by Nathan Walker.
Goals for this period are 4 for Tappara Tampere vs 1 for Laval Rocket.
Shots for this period are 12 for Tappara Tampere vs 12 for Laval Rocket.
2nd period
0:01 of 2nd period - Andrew Poturalski wins face-off versus Jackson Blake in neutral zone.
0:15 of 2nd period - Wrist shot by Ethen Frank.
0:15 of 2nd period - Shot Blocked by Andrew Poturalski.
0:55 of 2nd period - Stephen Halliday and Andreas Englund fight to a draw.
0:55 of 2nd period - Penalty to Stephen Halliday for Fighting.
0:55 of 2nd period - Penalty to Andreas Englund for Fighting.
0:56 of 2nd period - Sam Carrick wins face-off versus Jackson Blake in neutral zone.
1:09 of 2nd period - Snap shot by Ethen Frank.
1:09 of 2nd period - Shot Misses the Net.
1:11 of 2nd period - Slapshot by Colin Miller.
1:11 of 2nd period - Stopped by Ken Appleby with a rebound.
1:42 of 2nd period - Wrist shot by Martin Chromiak.
1:42 of 2nd period - Stopped by Ken Appleby with a rebound.
1:48 of 2nd period - Mikko Kokkonen is hit by Nathan Walker and loses puck.
2:03 of 2nd period - Fyodor Svechkov is hit by Jayson Megna and loses puck.
3:04 of 2nd period - Icing by Jan Rutta.
3:05 of 2nd period - Dmitri Ovchinnikov wins face-off versus Tomas Nosek in Tappara Tampere zone.
3:12 of 2nd period - Jan Rutta is hit by Roman Schmidt and loses puck.
3:53 of 2nd period - Wrist shot by Mitchell Chaffee.
3:53 of 2nd period - Stopped by Jet Greaves without a rebound.
3:54 of 2nd period - Jackson Blake wins face-off versus Sam Carrick in Laval Rocket zone.
3:59 of 2nd period - Slapshot by Colin Miller.
3:59 of 2nd period - Shot Misses the Net.
4:25 of 2nd period - Michael Rasmussen is hit by Justin Hryckowian.
4:31 of 2nd period - Snap shot by Nathan Walker.
4:31 of 2nd period - Shot Blocked by Ian Mitchell.
4:33 of 2nd period - Wrist shot by Logan Stankoven.
4:33 of 2nd period - Stopped by Jet Greaves with a rebound.
4:35 of 2nd period - Slapshot by Sebastian J. Aho.
4:35 of 2nd period - Deflect By Logan Stankoven.
4:35 of 2nd period - Shot Misses the Net.
4:35 of 2nd period - Puck is out of play.
4:36 of 2nd period - Gleb Veremyev wins face-off versus Jayson Megna in Laval Rocket zone.
4:47 of 2nd period - Ian Mitchell is hit by Jayson Megna and loses puck.
5:04 of 2nd period - Ian Mitchell is hit by Sebastian J. Aho and loses puck.
5:19 of 2nd period - Logan Stankoven is hit by Felix Unger Sorum.
5:35 of 2nd period - Snap shot by Pierre Engvall.
5:35 of 2nd period - Stopped by Jet Greaves with a rebound.
5:59 of 2nd period - Martin Chromiak is hit by Tomas Nosek and loses puck.
6:14 of 2nd period - Slapshot by Jonathan Lekkerimaki.
6:14 of 2nd period - Stopped by Jet Greaves with a rebound.
6:16 of 2nd period - Slapshot by Justin Holl.
6:16 of 2nd period - Shot Blocked by Jackson Blake.
6:18 of 2nd period - Slapshot by Justin Holl.
6:18 of 2nd period - Shot Blocked by Ethen Frank.
6:40 of 2nd period - Oliver Kapanen is hit by Michael Rasmussen and loses puck.
6:55 of 2nd period - Fyodor Svechkov is hit by Sebastian J. Aho.
7:23 of 2nd period - Wrist shot by Klim Kostin.
7:23 of 2nd period - Deflect By Mitchell Chaffee.
7:23 of 2nd period - Shot Blocked by Ian Mitchell.
7:23 of 2nd period - Puck is out of play.
7:24 of 2nd period - Jackson Blake wins face-off versus Tomas Nosek in Laval Rocket zone.
7:42 of 2nd period - Andreas Englund is hit by Olle Lycksell and loses puck.
7:48 of 2nd period - Icing by Andrew Poturalski.
7:49 of 2nd period - Stephen Halliday wins face-off versus Andrew Poturalski in Tappara Tampere zone.
7:50 of 2nd period - Snap shot by Oliver Kapanen.
7:50 of 2nd period - Stopped by Ken Appleby with a rebound.
8:04 of 2nd period - Backhand shot by Stephen Halliday.
8:04 of 2nd period - Deflect By Oliver Kapanen.
8:04 of 2nd period - Stopped by Ken Appleby with a rebound.
8:20 of 2nd period - Slapshot by Lian Bichsel.
8:20 of 2nd period - Stopped by Ken Appleby with a rebound.
8:22 of 2nd period - Snap shot by Ethen Frank.
8:22 of 2nd period - Shot Misses the Net.
8:42 of 2nd period - Slapshot by Justin Hryckowian.
8:42 of 2nd period - Stopped by Ken Appleby with a rebound.
9:04 of 2nd period - Icing by Michael Rasmussen.
9:05 of 2nd period - Michael Rasmussen wins face-off versus Jackson Blake in Tappara Tampere zone.
9:51 of 2nd period - Minor Penalty to Vasili Ponomarev for Slashing.
9:52 of 2nd period - Fyodor Svechkov wins face-off versus Michael Rasmussen in Laval Rocket zone.
10:53 of 2nd period - Ian Mitchell is hit by Jan Rutta and loses puck.
11:10 of 2nd period - Lian Bichsel is hit by Michael Rasmussen and loses puck.
11:51 of 2nd period - Penalty to Vasili Ponomarev is over, Vasili Ponomarev is back on ice.
11:58 of 2nd period - Slapshot by Jonathan Lekkerimaki.
11:58 of 2nd period - Stopped by Jet Greaves with a rebound.
12:01 of 2nd period - Icing by David Spacek.
12:02 of 2nd period - Jayson Megna wins face-off versus Oliver Kapanen in Laval Rocket zone.
12:15 of 2nd period - Snap shot by Jayson Megna.
12:15 of 2nd period - Stopped by Jet Greaves with a rebound.
12:45 of 2nd period - Wrist shot by Vasili Ponomarev.
12:45 of 2nd period - Stopped by Ken Appleby without a rebound.
12:46 of 2nd period - Michael Rasmussen wins face-off versus Jackson Blake in Tappara Tampere zone.
13:32 of 2nd period - Wrist shot by Oliver Kapanen.
13:32 of 2nd period - Shot Misses the Net.
14:29 of 2nd period - Andreas Englund is hit by Justin Hryckowian and loses puck.
14:56 of 2nd period - David Spacek is hit by Michael Rasmussen and loses puck.
15:11 of 2nd period - Justin Holl is hit by David Spacek.
15:15 of 2nd period - Wrist shot by Jayson Megna.
15:15 of 2nd period - Stopped by Jet Greaves without a rebound.
15:16 of 2nd period - Jayson Megna wins face-off versus Jackson Blake in Laval Rocket zone.
15:17 of 2nd period - Snap shot by Jonathan Lekkerimaki.
15:17 of 2nd period - Stopped by Jet Greaves with a rebound.
15:41 of 2nd period - Michael Rasmussen is hit by Roman Schmidt.
16:05 of 2nd period - Slapshot by Stephen Halliday.
16:05 of 2nd period - Stopped by Ken Appleby with a rebound.
16:07 of 2nd period - Backhand shot by Stephen Halliday.
16:07 of 2nd period - Deflect By Oliver Kapanen.
16:07 of 2nd period - Shot Blocked by Pierre Engvall.
16:07 of 2nd period - Puck is out of play.
16:08 of 2nd period - Sam Carrick wins face-off versus Justin Hryckowian in Tappara Tampere zone.
16:10 of 2nd period - Minor Penalty to Sam Carrick for Slashing.
16:11 of 2nd period - Jackson Blake wins face-off versus Michael Rasmussen in Tappara Tampere zone.
16:11 of 2nd period - Wrist shot by Ethen Frank.
16:11 of 2nd period - Deflect By Fyodor Svechkov.
16:11 of 2nd period - Shot Misses the Net.
16:11 of 2nd period - Puck is out of play.
16:12 of 2nd period - Jackson Blake wins face-off versus Michael Rasmussen in Tappara Tampere zone.
16:17 of 2nd period - Snap shot by Ethen Frank.
16:17 of 2nd period - Shot Misses the Net.
16:44 of 2nd period - Off-side.
16:45 of 2nd period - Jayson Megna wins face-off versus Justin Hryckowian in neutral zone.
16:48 of 2nd period - Slapshot by John Klingberg.
16:48 of 2nd period - Shot Misses the Net.
18:10 of 2nd period - Penalty to Sam Carrick is over, Sam Carrick is back on ice.
18:27 of 2nd period - Wrist shot by Sam Carrick.
18:27 of 2nd period - Stopped by Jet Greaves with a rebound.
18:35 of 2nd period - Slapshot by Sam Carrick.
18:35 of 2nd period - Stopped by Jet Greaves without a rebound.
18:36 of 2nd period - Vasili Ponomarev wins face-off versus Michael Rasmussen in Laval Rocket zone.
18:41 of 2nd period - Wrist shot by Jackson Blake.
18:41 of 2nd period - Stopped by Ken Appleby with a rebound.
18:43 of 2nd period - Wrist shot by Felix Unger Sorum.
18:43 of 2nd period - Stopped by Ken Appleby without a rebound.
18:44 of 2nd period - Michael Rasmussen wins face-off versus Stephen Halliday in Tappara Tampere zone.
19:40 of 2nd period - Icing by Ville Ottavainen.
19:41 of 2nd period - Sam Carrick wins face-off versus Vasili Ponomarev in Tappara Tampere zone.
Goals for this period are 0 for Tappara Tampere vs 0 for Laval Rocket.
Shots for this period are 10 for Tappara Tampere vs 10 for Laval Rocket.
3rd period
0:01 of 3rd period - Felix Unger Sorum wins face-off versus Michael Rasmussen in neutral zone.
0:30 of 3rd period - Slapshot by Pierre Engvall.
0:30 of 3rd period - Stopped by Jet Greaves with a rebound.
0:48 of 3rd period - Colin Miller is hit by Mitchell Chaffee and loses puck.
1:13 of 3rd period - Snap shot by Logan Stankoven.
1:13 of 3rd period - Deflect By Michael Rasmussen.
1:13 of 3rd period - Stopped by Jet Greaves without a rebound.
1:14 of 3rd period - Justin Hryckowian wins face-off versus Michael Rasmussen in Laval Rocket zone.
1:23 of 3rd period - Wrist shot by Olle Lycksell.
1:23 of 3rd period - Stopped by Ken Appleby without a rebound.
1:24 of 3rd period - Michael Rasmussen wins face-off versus Justin Hryckowian in Tappara Tampere zone.
1:53 of 3rd period - Wrist shot by Jackson Blake.
1:53 of 3rd period - Stopped by Ken Appleby with a rebound.
1:59 of 3rd period - Wrist shot by Tomas Nosek.
1:59 of 3rd period - Stopped by Jet Greaves without a rebound.
2:00 of 3rd period - Stephen Halliday wins face-off versus Michael Rasmussen in Laval Rocket zone.
3:00 of 3rd period - Slapshot by Justin Hryckowian.
3:00 of 3rd period - Shot Misses the Net.
3:19 of 3rd period - Minor Penalty to Martin Chromiak for Roughing.
3:20 of 3rd period - Andrew Poturalski wins face-off versus Fyodor Svechkov in Laval Rocket zone.
3:20 of 3rd period - Snap shot by Mitchell Chaffee.
3:20 of 3rd period - Shot Misses the Net.
3:22 of 3rd period - Slapshot by Mitchell Chaffee.
3:22 of 3rd period - Goal by Mitchell Chaffee - Tappara Tampere : 5 - Laval Rocket : 1.
3:23 of 3rd period - Logan Stankoven wins face-off versus Justin Hryckowian in neutral zone.
3:38 of 3rd period - Snap shot by Logan Stankoven.
3:38 of 3rd period - Shot Misses the Net.
4:11 of 3rd period - Stephen Halliday is hit by Sebastian J. Aho and loses puck.
4:29 of 3rd period - Slapshot by Lian Bichsel.
4:29 of 3rd period - Stopped by Ken Appleby with a rebound.
4:33 of 3rd period - Wrist shot by Vasili Ponomarev.
4:33 of 3rd period - Deflect By Jonathan Lekkerimaki.
4:33 of 3rd period - Stopped by Ken Appleby without a rebound.
4:34 of 3rd period - Michael Rasmussen wins face-off versus Jackson Blake in Tappara Tampere zone.
4:34 of 3rd period - Michael Rasmussen is hit by Jackson Blake.
4:47 of 3rd period - David Spacek and Jan Rutta fight to a draw.
4:47 of 3rd period - Penalty to David Spacek for Fighting.
4:47 of 3rd period - Penalty to Jan Rutta for Fighting.
4:48 of 3rd period - Vasili Ponomarev wins face-off versus Michael Rasmussen in neutral zone.
4:55 of 3rd period - Wrist shot by Vasili Ponomarev.
4:55 of 3rd period - Stopped by Ken Appleby without a rebound.
4:56 of 3rd period - Vasili Ponomarev wins face-off versus Michael Rasmussen in Tappara Tampere zone.
5:11 of 3rd period - Wrist shot by Nathan Walker.
5:11 of 3rd period - Stopped by Jet Greaves with a rebound.
5:21 of 3rd period - Oliver Kapanen is hit by Pierre Engvall and loses puck.
6:05 of 3rd period - Minor Penalty to John Klingberg for Tripping.
6:06 of 3rd period - Michael Rasmussen wins face-off versus Justin Hryckowian in Tappara Tampere zone.
7:02 of 3rd period - Wrist shot by Jackson Blake.
7:02 of 3rd period - Shot Misses the Net.
7:04 of 3rd period - Backhand shot by Ethen Frank.
7:04 of 3rd period - Goal by Ethen Frank - Tappara Tampere : 5 - Laval Rocket : 2.
7:05 of 3rd period - Sam Carrick wins face-off versus Justin Hryckowian in neutral zone.
7:13 of 3rd period - Snap shot by Pierre Engvall.
7:13 of 3rd period - Stopped by Jet Greaves without a rebound.
7:14 of 3rd period - Justin Hryckowian wins face-off versus Sam Carrick in Laval Rocket zone.
7:25 of 3rd period - Snap shot by Olle Lycksell.
7:25 of 3rd period - Shot Misses the Net.
7:45 of 3rd period - Wrist shot by Pierre Engvall.
7:45 of 3rd period - Shot Blocked by Mikko Kokkonen.
7:47 of 3rd period - Slapshot by Sebastian J. Aho.
7:47 of 3rd period - Deflect By Sam Carrick.
7:47 of 3rd period - Stopped by Jet Greaves with a rebound.
7:49 of 3rd period - Snap shot by Andrew Poturalski.
7:49 of 3rd period - Stopped by Jet Greaves with a rebound.
7:55 of 3rd period - Snap shot by Pierre Engvall.
7:55 of 3rd period - Shot Misses the Net.
7:57 of 3rd period - Wrist shot by Pierre Engvall.
7:57 of 3rd period - Stopped by Jet Greaves with a rebound.
7:59 of 3rd period - Slapshot by Sebastian J. Aho.
7:59 of 3rd period - Stopped by Jet Greaves without a rebound.
8:00 of 3rd period - Michael Rasmussen wins face-off versus Ethen Frank in Laval Rocket zone.
8:04 of 3rd period - Minor Penalty to Lian Bichsel for Holding.
8:05 of 3rd period - Fyodor Svechkov wins face-off versus Michael Rasmussen in Laval Rocket zone.
8:19 of 3rd period - Backhand shot by Nathan Walker.
8:19 of 3rd period - Stopped by Jet Greaves with a rebound.
9:47 of 3rd period - Penalty to David Spacek is over, David Spacek is back on ice.
10:04 of 3rd period - Penalty to Lian Bichsel is over, Lian Bichsel is back on ice.
11:17 of 3rd period - Mitchell Chaffee is hit by Ethen Frank and loses puck.
12:01 of 3rd period - Icing by Jan Rutta.
12:02 of 3rd period - Tomas Nosek wins face-off versus Stephen Halliday in Tappara Tampere zone.
12:11 of 3rd period - Slapshot by Martin Chromiak.
12:11 of 3rd period - Stopped by Ken Appleby without a rebound.
12:12 of 3rd period - Justin Hryckowian wins face-off versus Michael Rasmussen in Tappara Tampere zone.
12:25 of 3rd period - Snap shot by Nathan Walker.
12:25 of 3rd period - Shot Misses the Net.
12:27 of 3rd period - Slapshot by Ville Ottavainen.
12:27 of 3rd period - Stopped by Jet Greaves with a rebound.
12:47 of 3rd period - Snap shot by Fyodor Svechkov.
12:47 of 3rd period - Deflect By Ethen Frank.
12:47 of 3rd period - Shot Misses the Net.
12:47 of 3rd period - Puck is out of play.
12:48 of 3rd period - Justin Hryckowian wins face-off versus Michael Rasmussen in Tappara Tampere zone.
12:49 of 3rd period - Wrist shot by Olle Lycksell.
12:49 of 3rd period - Shot Misses the Net.
13:00 of 3rd period - Minor Penalty to Andreas Englund for Slashing.
13:01 of 3rd period - Michael Rasmussen wins face-off versus Justin Hryckowian in Tappara Tampere zone.
13:01 of 3rd period - Michael Rasmussen is hit by Vasili Ponomarev.
13:26 of 3rd period - John Klingberg is hit by Jackson Blake and loses puck.
15:00 of 3rd period - Penalty to Andreas Englund is over, Andreas Englund is back on ice.
15:19 of 3rd period - Wrist shot by Oliver Kapanen.
15:19 of 3rd period - Shot Misses the Net.
15:21 of 3rd period - Snap shot by Roman Schmidt.
15:21 of 3rd period - Shot Blocked by Jonathan Lekkerimaki.
15:23 of 3rd period - Wrist shot by Oliver Kapanen.
15:23 of 3rd period - Stopped by Ken Appleby with a rebound.
15:39 of 3rd period - Oliver Kapanen is hit by Sam Carrick and loses puck.
15:50 of 3rd period - Roman Schmidt is hit by Klim Kostin and loses puck.
16:09 of 3rd period - Minor Penalty to Vasili Ponomarev for Cross-checking.
16:10 of 3rd period - Andrew Poturalski wins face-off versus Fyodor Svechkov in Laval Rocket zone.
17:26 of 3rd period - Icing by Michael Rasmussen.
17:27 of 3rd period - Jackson Blake wins face-off versus Michael Rasmussen in Tappara Tampere zone.
18:09 of 3rd period - Penalty to Vasili Ponomarev is over, Vasili Ponomarev is back on ice.
18:19 of 3rd period - Jan Rutta is hit by Colin Miller and loses puck.
18:50 of 3rd period - Sam Carrick is hit by Olle Lycksell and loses puck.
19:02 of 3rd period - Icing by Michael Rasmussen.
19:03 of 3rd period - Michael Rasmussen wins face-off versus Stephen Halliday in Tappara Tampere zone.
19:03 of 3rd period - Michael Rasmussen is hit by Ian Mitchell.
19:10 of 3rd period - Off-side.
19:11 of 3rd period - Jackson Blake wins face-off versus Michael Rasmussen in neutral zone.
19:14 of 3rd period - Snap shot by Colin Miller.
19:14 of 3rd period - Stopped by Ken Appleby with a rebound.
19:21 of 3rd period - Icing by John Klingberg.
19:22 of 3rd period - Michael Rasmussen wins face-off versus Jackson Blake in Tappara Tampere zone.
19:22 of 3rd period - Michael Rasmussen is hit by Ethen Frank.
Goals for this period are 1 for Tappara Tampere vs 1 for Laval Rocket.
Shots for this period are 12 for Tappara Tampere vs 9 for Laval Rocket.
Back to the Top